[ AOE2 MATCH · #495362074 ]
UnrankedBohemians vs Japanese
Player's team · LOSS
Rival team · WIN
[ REPLAY ANALYSIS · EXTRACTED FROM THE RECORDED GAME ]
Feudal
9:02
Castle
22:39
Imperial
40:31
| APM avg | 66.1 |
| APM peak | 139 |
| eAPM avg | 34.2 |
| Villagers / military | 330 / 777 |
Focus
⚔️ 47.0% · 🌾 53.0%
Skirmisher ×285 · Archer ×204 · Scout Cavalry ×151 · Hand Cannoneer ×122 · Trebuchet (Packed) ×9 · Bombard Cannon ×5
Feudal
9:00
Castle
22:01
Imperial
40:10
| APM avg | 44.0 |
| APM peak | 91 |
| eAPM avg | 25.8 |
| Villagers / military | 328 / 639 |
Focus
⚔️ 39.0% · 🌾 61.0%
Skirmisher ×251 · Spearman ×160 · Militia ×96 · Cavalry Archer ×61 · Archer ×56 · Monk ×5
Match map
Initial resources + every placement click. Lines = walls · curves = elevation contours. ◆ gold · ⬟ stone · ● berries · ✦ relic · ◌ wall gap
Your base· Open — opponent sealed themselves in
Maverick_Taha's base· ✓ Closed at 22:01 · 44t walls · 1 gate(s)
Smoothed initial terrain · ◌ = detected wall gap · hover for details
Inputs per minute
— AC - - Maverick_Taha
Build order — AC
First 150 of 803 actions detected
| 0:00 | Create | Villager (Male) |
| 0:00 | Create | Villager (Male) |
| 0:01 | Build | House |
| 0:02 | Build | House |
| 0:06 | Create | Villager (Male) |
| 0:07 | Create | Villager (Male) |
| 1:31 | Create | Villager (Male) |
| 1:44 | Build | Lumber Camp |
| 1:52 | Build | Lumber Camp |
| 1:53 | Create | Villager (Male) |
| 1:54 | Create | Villager (Male) |
| 2:19 | Create | Villager (Male) |
| 3:00 | Create | Villager (Male) |
| 3:05 | Create | Villager (Male) |
| 3:48 | Create | Villager (Male) |
| 3:48 | Create | Villager (Male) |
| 3:52 | Create | Villager (Male) |
| 4:14 | Create | Villager (Male) |
| 4:31 | Research | Loom |
| 4:32 | Build | House |
| 4:36 | Build | House |
| 4:50 | Create | Villager (Male) |
| 5:01 | Create | Villager (Male) |
| 5:15 | Create | Villager (Male) |
| 5:36 | Build | Mill |
| 5:38 | Create | Villager (Male) |
| 6:38 | Build | Mining Camp |
| 6:52 | Research | Feudal Age |
| 6:53 | Research | Feudal Age |
| 7:51 | Build | House |
| 7:52 | Build | Barracks |
| 7:57 | Build | Barracks |
| 8:20 | Create | Villager (Male) |
| 9:02 | Age | Feudal Age |
| 9:05 | Research | Double-Bit Axe |
| 9:07 | Create | Villager (Male) |
| 9:21 | Build | Archery Range |
| 9:40 | Create | Villager (Male) |
| 9:49 | Create | Villager (Male) |
| 10:05 | Build | Palisade Wall |
| 10:07 | Build | Palisade Wall |
| 10:12 | Create | Villager (Male) |
| 10:14 | Create | Archer |
| 10:36 | Create | Archer |
| 10:54 | Create | Archer |
| 11:01 | Create | Villager (Male) |
| 11:15 | Create | Villager (Male) |
| 11:15 | Create | Archer |
| 11:25 | Build | Farm |
| 11:26 | Build | Farm |
| 12:04 | Create | Villager (Male) |
| 12:07 | Build | House |
| 12:09 | Build | Farm |
| 12:09 | Build | Farm |
| 12:17 | Create | Villager (Male) |
| 12:19 | Create | Archer |
| 12:23 | Research | Horse Collar |
| 12:32 | Create | Villager (Male) |
| 12:47 | Build | Blacksmith |
| 12:52 | Build | Farm |
| 12:53 | Create | Archer |
| 12:54 | Create | Villager (Male) |
| 12:57 | Build | Farm |
| 13:21 | Create | Archer |
| 13:26 | Create | Villager (Male) |
| 13:27 | Build | House |
| 13:31 | Create | Archer |
| 13:38 | Research | Fletching |
| 13:38 | Research | Fletching |
| 13:39 | Create | Villager (Male) |
| 13:44 | Create | Villager (Male) |
| 14:11 | Create | Archer |
| 14:11 | Create | Villager (Male) |
| 14:14 | Build | Watch Tower |
| 14:18 | Create | Archer |
| 14:19 | Create | Villager (Male) |
| 14:25 | Build | House |
| 14:28 | Build | House |
| 14:31 | Build | Palisade Wall |
| 14:35 | Build | Palisade Wall |
| 14:59 | Create | Archer |
| 14:59 | Create | Villager (Male) |
| 15:39 | Create | Villager (Male) |
| 16:03 | Create | Archer |
| 16:04 | Create | Villager (Male) |
| 16:12 | Build | House |
| 16:16 | Build | Farm |
| 16:17 | Create | Villager (Male) |
| 16:19 | Build | House |
| 16:21 | Build | Palisade Wall |
| 16:24 | Create | Archer |
| 16:31 | Create | Archer |
| 16:37 | Create | Villager (Male) |
| 17:04 | Build | House |
| 17:05 | Build | Palisade Wall |
| 17:06 | Build | Palisade Wall |
| 17:10 | Create | Villager (Male) |
| 17:11 | Create | Archer |
| 17:16 | Build | Farm |
| 17:31 | Create | Archer |
| 17:37 | Build | Farm |
| 17:43 | Create | Archer |
| 17:43 | Create | Villager (Male) |
| 17:45 | Create | Villager (Male) |
| 17:55 | Build | Farm |
| 18:03 | Create | Archer |
| 18:07 | Create | Villager (Male) |
| 18:17 | Build | Farm |
| 18:31 | Create | Archer |
| 18:44 | Build | Farm |
| 18:46 | Create | Villager (Male) |
| 18:47 | Create | Archer |
| 19:12 | Build | Farm |
| 19:19 | Create | Archer |
| 19:34 | Create | Villager (Male) |
| 19:36 | Create | Archer |
| 19:41 | Build | Archery Range |
| 19:53 | Research | Castle Age |
| 20:03 | Research | Horse Collar |
| 20:10 | Build | Farm |
| 20:24 | Build | Lumber Camp |
| 20:29 | Create | Archer |
| 20:33 | Research | Padded Archer Armor |
| 20:33 | Research | Padded Archer Armor |
| 20:38 | Build | Farm |
| 20:58 | Create | Archer |
| 21:00 | Create | Archer |
| 21:16 | Create | Villager (Male) |
| 21:25 | Create | Archer |
| 21:39 | Create | Archer |
| 21:39 | Create | Archer |
| 21:42 | Build | Farm |
| 22:09 | Create | Archer |
| 22:09 | Create | Archer |
| 22:20 | Build | Farm |
| 22:39 | Age | Castle Age |
| 22:40 | Build | University |
| 22:43 | Build | University |
| 22:47 | Research | Crossbowman (upgrade) |
| 22:47 | Research | Bodkin Arrow |
| 22:47 | Research | Bodkin Arrow |
| 22:51 | Research | Bow Saw |
| 22:51 | Research | Bow Saw |
| 22:56 | Create | Villager (Male) |
| 22:59 | Create | Archer |
| 23:11 | Create | Archer |
| 23:16 | Build | House |
| 23:23 | Build | House |
| 23:26 | Build | House |
| 23:30 | Create | Archer |
Build order — Maverick_Taha
First 150 of 858 actions detected
| 0:02 | Create | Villager (Male) |
| 0:02 | Create | Villager (Male) |
| 0:03 | Create | Villager (Male) |
| 0:03 | Create | Villager (Male) |
| 0:04 | Build | House |
| 0:05 | Build | House |
| 1:36 | Create | Villager (Male) |
| 1:53 | Build | Lumber Camp |
| 1:54 | Create | Villager (Male) |
| 1:54 | Create | Villager (Male) |
| 2:29 | Create | Villager (Male) |
| 2:29 | Create | Villager (Male) |
| 2:46 | Create | Villager (Male) |
| 3:17 | Create | Villager (Male) |
| 3:25 | Build | House |
| 3:39 | Create | Villager (Male) |
| 3:39 | Create | Villager (Male) |
| 4:06 | Create | Villager (Male) |
| 4:40 | Create | Villager (Male) |
| 4:40 | Create | Villager (Male) |
| 4:44 | Build | Barracks |
| 4:57 | Create | Villager (Male) |
| 4:57 | Create | Villager (Male) |
| 4:57 | Create | Villager (Male) |
| 5:14 | Build | House |
| 5:31 | Create | Villager (Male) |
| 5:31 | Create | Villager (Male) |
| 5:56 | Build | Palisade Wall |
| 6:05 | Build | Mining Camp |
| 6:14 | Research | Loom |
| 6:50 | Research | Feudal Age |
| 7:18 | Create | Militia |
| 7:34 | Create | Militia |
| 7:34 | Create | Militia |
| 7:55 | Build | House |
| 7:59 | Create | Militia |
| 9:00 | Age | Feudal Age |
| 9:03 | Research | Man-at-Arms (upgrade) |
| 9:04 | Create | Villager (Male) |
| 9:10 | Build | Archery Range |
| 9:21 | Research | Double-Bit Axe |
| 9:49 | Create | Villager (Male) |
| 10:15 | Build | Mill |
| 10:16 | Create | Archer |
| 10:16 | Create | Archer |
| 10:16 | Create | Archer |
| 10:22 | Create | Villager (Male) |
| 10:22 | Create | Villager (Male) |
| 10:35 | Build | Blacksmith |
| 10:37 | Build | House |
| 10:48 | Create | Villager (Male) |
| 11:13 | Create | Archer |
| 11:14 | Create | Villager (Male) |
| 11:26 | Build | Farm |
| 11:27 | Build | Farm |
| 11:47 | Create | Villager (Male) |
| 11:47 | Create | Villager (Male) |
| 11:58 | Create | Archer |
| 11:58 | Create | Archer |
| 12:04 | Build | House |
| 12:09 | Build | Farm |
| 12:30 | Build | House |
| 12:32 | Create | Villager (Male) |
| 12:37 | Build | House |
| 12:41 | Build | Palisade Wall |
| 12:42 | Build | Palisade Wall |
| 12:50 | Build | House |
| 12:52 | Build | Palisade Wall |
| 12:53 | Create | Archer |
| 12:56 | Create | Villager (Male) |
| 13:02 | Build | Watch Tower |
| 13:21 | Build | Farm |
| 13:22 | Create | Villager (Male) |
| 13:22 | Create | Villager (Male) |
| 13:35 | Create | Archer |
| 13:38 | Build | Farm |
| 14:11 | Create | Villager (Male) |
| 14:13 | Build | Farm |
| 14:15 | Create | Villager (Male) |
| 14:27 | Build | Farm |
| 14:29 | Build | Farm |
| 14:34 | Research | Fletching |
| 14:35 | Create | Archer |
| 15:03 | Create | Villager (Male) |
| 15:03 | Create | Villager (Male) |
| 15:51 | Create | Villager (Male) |
| 15:51 | Create | Villager (Male) |
| 15:52 | Create | Archer |
| 15:52 | Create | Archer |
| 15:52 | Create | Archer |
| 15:55 | Create | Villager (Male) |
| 15:59 | Build | Market |
| 16:02 | Build | Farm |
| 16:02 | Build | Farm |
| 16:22 | Build | Palisade Wall |
| 16:23 | Create | Villager (Male) |
| 16:24 | Create | Villager (Male) |
| 16:39 | Build | House |
| 16:48 | Build | House |
| 16:56 | Create | Villager (Male) |
| 17:00 | Build | Palisade Wall |
| 17:08 | Build | House |
| 17:11 | Build | Palisade Wall |
| 17:15 | Build | Farm |
| 17:22 | Create | Archer |
| 17:35 | Create | Villager (Male) |
| 17:36 | Create | Villager (Male) |
| 17:51 | Build | Lumber Camp |
| 18:11 | Build | Palisade Gate |
| 18:22 | Create | Archer |
| 18:27 | Create | Villager (Male) |
| 18:49 | Build | Mining Camp |
| 18:54 | Create | Villager (Male) |
| 18:57 | Build | Archery Range |
| 19:21 | Research | Castle Age |
| 19:21 | Research | Castle Age |
| 19:22 | Create | Archer |
| 19:37 | Create | Archer |
| 19:44 | Build | Archery Range |
| 19:54 | Create | Archer |
| 19:54 | Create | Archer |
| 20:01 | Research | Padded Archer Armor |
| 20:03 | Research | Gold Mining |
| 20:17 | Create | Archer |
| 20:22 | Build | Farm |
| 20:29 | Research | Horse Collar |
| 20:31 | Create | Archer |
| 20:36 | Create | Archer |
| 20:37 | Create | Archer |
| 20:50 | Create | Archer |
| 20:50 | Create | Archer |
| 21:02 | Create | Archer |
| 21:02 | Create | Archer |
| 21:23 | Build | Mining Camp |
| 21:30 | Create | Archer |
| 21:30 | Create | Archer |
| 22:01 | Age | Castle Age |
| 22:03 | Research | Crossbowman (upgrade) |
| 22:03 | Research | Bodkin Arrow |
| 22:05 | Create | Villager (Male) |
| 22:14 | Create | Villager (Male) |
| 22:14 | Create | Villager (Male) |
| 22:25 | Build | Palisade Gate |
| 22:40 | Create | Villager (Male) |
| 22:48 | Build | Town Center |
| 22:53 | Create | Villager (Male) |
| 22:53 | Create | Villager (Male) |
| 22:58 | Create | Archer |
| 22:58 | Create | Archer |
| 23:12 | Create | Archer |
Match timeline
| 4:44 | Maverick_Taha · first_building Barracks |
| 5:56 | Maverick_Taha · wall_segment Palisade Wall x3 |
| 7:52 | AC · first_building Barracks |
| 9:00 | Maverick_Taha · age_up feudal |
| 9:02 | AC · age_up feudal |
| 9:10 | Maverick_Taha · first_building Archery Range |
| 9:21 | AC · first_building Archery Range |
| 10:05 | AC · wall_segment Palisade Wall x1 |
| 10:07 | AC · wall_segment Palisade Wall x1 |
| 12:41 | Maverick_Taha · wall_segment Palisade Wall x5 |
| 12:42 | Maverick_Taha · wall_segment Palisade Wall x8 |
| 12:52 | Maverick_Taha · wall_segment Palisade Wall x5 |
| 14:31 | AC · wall_segment Palisade Wall x10 |
| 14:35 | AC · wall_segment Palisade Wall x20 |
| 16:21 | AC · wall_segment Palisade Wall x4 |
| 16:22 | Maverick_Taha · wall_segment Palisade Wall x5 |
| 17:00 | Maverick_Taha · wall_segment Palisade Wall x7 |
| 17:04 | Maverick_Taha · first_market_buy 100 food |
| 17:05 | AC · wall_segment Palisade Wall x1 |
| 17:06 | AC · wall_segment Palisade Wall x1 |
| 17:11 | Maverick_Taha · wall_segment Palisade Wall x12 |
| 22:01 | Maverick_Taha · age_up castle |
| 22:39 | AC · age_up castle |
| 28:51 | AC · first_market_buy 100 stone |
| 29:21 | Maverick_Taha · first_building Stable |
| 32:26 | AC · first_building Monastery |
| 33:43 | AC · first_market_sell 100 wood |
| 35:02 | Maverick_Taha · first_building Castle |
| 36:38 | Maverick_Taha · first_market_sell 100 wood |
| 37:40 | Maverick_Taha · wall_segment Stone Wall x1 |
| 38:22 | AC · wall_segment Palisade Wall x1 |
| 38:35 | AC · wall_segment Palisade Wall x1 |
| 39:24 | AC · first_building Castle |
| 40:10 | Maverick_Taha · age_up imperial |
| 40:20 | AC · first_building Siege Workshop |
| 40:31 | AC · age_up imperial |
| 46:19 | Maverick_Taha · first_building Monastery |
| 47:05 | AC · first_building Stable |
| 49:32 | Maverick_Taha · wall_segment Stone Wall x1 |
| 49:34 | Maverick_Taha · wall_segment Stone Wall x1 |
| 49:37 | Maverick_Taha · wall_segment Stone Wall x1 |
| 49:43 | Maverick_Taha · wall_segment Stone Wall x1 |
| 50:50 | Maverick_Taha · wall_segment Stone Wall x1 |
| 50:51 | Maverick_Taha · wall_segment Stone Wall x1 |
| 51:38 | Maverick_Taha · wall_segment Stone Wall x1 |
| 57:31 | Maverick_Taha · wall_segment Stone Wall x1 |
| 57:34 | Maverick_Taha · wall_segment Stone Wall x1 |
| 57:36 | Maverick_Taha · wall_segment Stone Wall x1 |
| 57:37 | Maverick_Taha · wall_segment Stone Wall x1 |
| 59:39 | Maverick_Taha · wall_segment Stone Wall x1 |
| 59:40 | Maverick_Taha · wall_segment Stone Wall x1 |
| 70:27 | AC · resign |
[ AI ANALYSIS · 1 CREDIT ]
What really happened in this match?
Wolo.gg analyzes every decision: build order, eco, micro, common mistakes by bracket. Personalized analysis on WhatsApp or Discord in 30 seconds.
Civ guide
Bohemians
Perfil
Jugador #5023244